 Dungeon Crawl Stone Soup version 0.22.0-6-g71bd7aa6b3 (webtiles) character file.

350 Kirk the Chopper (level 6, 13/46 HPs)
             Began as a Demonspawn Gladiator on Aug 15, 2018.
             Quit the game on level 4 of the Dungeon.
             The game lasted 00:05:16 (2557 turns).

Kirk the Chopper (Demonspawn Gladiator)             Turns: 2557, Time: 00:05:17

Health: 13/46      AC:  8    Str: 19    XL:     6   Next: 33%
Magic:  6/6        EV: 11    Int:  9    God:
Gold:   76         SH:  0    Dex: 16    Spells: 5/5 levels left

rFire    + . .     SeeInvis .   a - +0 war axe
rCold    . . .     Gourm    +   (no shield)
rNeg     . . .     Faith    .   h - +2 scale mail {rPois}
rPois    +         Spirit   .   (no helmet)
rElec    .         Reflect  .   (no cloak)
rCorr    .         Harm     .   (no gloves)
MR       .....     Clarity  +   (no boots)
Stlth    +.........             o - amulet of the gourmand
HPRegen  1.15/turn              (no ring)
MPRegen  0.10/turn              (no ring)

@: no status effects
A: thin skeletal structure 1, blurry vision 1, clarity, fire resistance 1,
powered by death 1, strong 1
a: no special abilities


You were on level 4 of the Dungeon.
You were not hungry.

You visited 1 branch of the dungeon, and saw 4 of its levels.

You collected 76 gold pieces.

Inventory:

Hand Weapons
 a - a +0 war axe (weapon)
Missiles
 d - 3 throwing nets (quivered)
Armour
 c - a +0 helmet
 h - a +2 scale mail of poison resistance (worn)
Jewellery
 i - an uncursed ring of ice
 o - an amulet of the gourmand (around neck)
Wands
 j - a wand of disintegration (6)
 r - a wand of iceblast (7)
 s - a wand of acid (9)
Scrolls
 e - 2 scrolls of identify {unknown}
 k - 2 scrolls of immolation {unknown}
 m - a scroll of fog {unknown}
 n - 2 scrolls of fear {unknown}
 p - a scroll of enchant armour {unknown}
 t - a scroll of remove curse {unknown}
Comestibles
 f - 3 rations


   Skills:
 + Level 2.8 Fighting
 * Level 5.8 Axes
 - Level 1.7 Throwing
 + Level 1.9 Armour
 - Level 2.6 Dodging


You had 5 spell levels left.
You didn't know any spells.
Your spell library was empty.

Dungeon Overview and Level Annotations

Branches:
Dungeon (4/15)
 Temple: D:4-7

Altars:
Nemelex Xobeh


Innate Abilities, Weirdness & Mutations

You have a somewhat thin skeletal structure. (Dex +2, Stealth)
You regenerate a little health from kills.
Scrolls take you a little longer to read.
You possess an exceptional clarity of mind.
Your flesh is heat resistant. (rF+)
Your muscles are strong. (Str +2)


Message History

You swing at nothing.
You hit the phantom. The phantom barely misses you.
You hit the phantom.
The phantom is severely damaged.
The phantom misses you.
You hit the phantom.
The phantom is almost destroyed.
The phantom blinks!
Evoke which item? (* to show all) (? for menu, Esc to quit)
Aiming: Corrosive Bolt
Press: ? - help, Shift-Dir - straight line, f - phantom
Aim: a phantom (almost destroyed)
The bolt of acid hits the phantom.
The phantom is splashed with acid.
You destroy the phantom!
You have reached level 6!
Your experience leads to an increase in your attributes!
Your base attributes are Str 16, Int 9, Dex 16.
Increase (S)trength, (I)ntelligence, or (D)exterity?
You feel stronger.
Are you sure you want to abandon this character and quit the game? (Confirm with "yes".)

####.#####.......# #.#
#.............##.###.#
##
#.##.##.##..#....†...#
.#
#..#.##.##..#.##.#####
.####.#...........##.#
.......#.##.##.......#
.####...###.####).####
.# #...........§)# .#
##(#########@## ## #.#
#.).# #.# #...# #..
#.........# ##.
#....###... # .
....).. ## ..
......... .####.#
#........... .#......
#####....###.


There were no monsters in sight!

Vanquished Creatures
  A phantom (D:4)
  A hound (D:4)
  An orc priest (D:4)
  3 orc wizards (D:4)
  A worker ant (D:4)
  2 adders
  A worm (D:2)
  2 dart slugs
  3 leopard geckos
  7 orcs
  2 giant cockroaches (D:4)
  7 goblins
  6 hobgoblins
  4 jackals (D:2)
  8 kobolds
  4 quokkas
  A ball python (D:2)
  8 bats
  4 frilled lizards
  3 rats
69 creatures vanquished.

Notes
Turn   | Place    | Note
-------+----------+-------------------------------------------
     0 | D:1      | Kirk the Demonspawn Gladiator began the quest for the Orb.
     0 | D:1      | Reached XP level 1. HP: 16/16 MP: 1/1
   184 | D:1      | Reached skill level 3 in Axes
   198 | D:1      | Gained mutation: You regenerate a little health from kills. [demonic ancestry]
   198 | D:1      | Reached XP level 2. HP: 5/22 MP: 2/2
  1235 | D:2      | Reached XP level 3. HP: 27/27 MP: 3/3
  1301 | D:2      | Reached skill level 4 in Axes
  1605 | D:2      | Reached XP level 4. HP: 21/33 MP: 4/4
  1649 | D:2      | Found a sparkling altar of Nemelex Xobeh.
  1912 | D:3      | Reached skill level 1 in Armour
  1964 | D:3      | Found a faded altar of an unknown god.
  2224 | D:4      | Gained mutation: You have a somewhat thin skeletal structure. (Dex +2, Stealth) [demonic ancestry]
  2224 | D:4      | Reached XP level 5. HP: 37/39 MP: 5/5
  2262 | D:4      | Reached skill level 5 in Axes
  2432 | D:4      | Gained mutation: You have a beak for a mouth. [potion of mutation]
  2432 | D:4      | Lost mutation: You have a beak for a mouth. [potion of mutation]
  2432 | D:4      | Gained mutation: You expend magic power (3 MP) to strengthen your wands. [potion of mutation]
  2432 | D:4      | Gained mutation: Your spells are a little harder to cast, but a little more powerful. [potion of mutation]
  2479 | D:4      | Noticed a phantom
  2546 | D:4      | Lost mutation: You expend magic power (3 MP) to strengthen your wands. [potion of mutation]
  2546 | D:4      | Lost mutation: Your spells are a little harder to cast, but a little more powerful. [potion of mutation]
  2546 | D:4      | Gained mutation: Scrolls take you a little longer to read. [potion of mutation]
  2546 | D:4      | Gained mutation: You possess an exceptional clarity of mind. [potion of mutation]
  2546 | D:4      | Gained mutation: Your flesh is heat resistant. (rF+) [potion of mutation]
  2546 | D:4      | Gained mutation: Your muscles are strong. (Str +2) [potion of mutation]
  2556 | D:4      | Killed a phantom
  2556 | D:4      | Reached XP level 6. HP: 12/46 MP: 6/6
  2557 | D:4      | Quit the game

Skill      XL: |  1  2  3  4  5 |
---------------+----------------+-----
Axes           | 3 4 5 |  5.8
Armour         | 1 |  1.9
Fighting       | |  2.8
Throwing       | |  1.7
Dodging        | |  2.6

Action                   |  1- 3 |  4- 6 || total
-------------------------+-------+-------++-------
Melee: War axe           |   140 |   115 ||   255
Evoke: Wand              |       |     1 ||     1
  Use: Potion            |       |     7 ||     7
 Stab: Sleeping          |     3 |       ||     3
  Eat: Chunk             |     2 |    10 ||    12
Armor: Leather armour    |    26 |       ||    26
       Scale mail        |    45 |    65 ||   110
       Skin              |       |    26 ||    26
Dodge: Dodged            |   114 |    58 ||   172
